 Dungeon Crawl Stone Soup version 0.29-a0-121-g8efb068a30 (webtiles) character file.

Game seed: 13647946028821539558

464 Gargoyl the Skirmisher (level 7, -12/44 HPs)
             Began as a Gargoyle Abyssal Knight on Feb 20, 2022.
             Was a Priest of Lugonu.
             Mangled by an ogre (19 damage)
             ... on level 4 of the Dungeon.
             The game lasted 00:03:44 (3817 turns).

Gargoyl the Skirmisher (Gargoyle Abyssal Knight)    Turns: 3817, Time: 00:03:44

Health: -12/44     AC: 14    Str: 18    XL:     7   Next: 7%
Magic:  9/9        EV:  7    Int: 11    God:    Lugonu [***...]
Gold:   184        SH:  0    Dex: 10    Spells: 6/6 levels left

rFire   . . .      SeeInvis .   a - +1 hand axe
rCold   . . .      Faith    .   (no shield)
rNeg    + . .      Spirit   .   h - +0 chain mail
rPois   ∞          Reflect  .   (helmet restricted)
rElec   +          Harm     .   (no cloak)
rCorr   .          Rampage  .   (no gloves)
Will    .....      Clarity  +   (no boots)
Stlth   ..........              (no amulet)
HPRegen 0.14/turn               (no ring)
MPRegen 0.11/turn               (no ring)

@: no status effects
A: sickness immunity, AC +4, negative energy resistance 1, electricity
resistance, torment resistance 1, petrification resistance, horns 1, clarity
a: Renounce Religion, Depart the Abyss, Bend Space, Banish


You were on level 4 of the Dungeon.
You worshipped Lugonu.
Lugonu was most pleased with you.
You visited 1 branch of the dungeon, and saw 4 of its levels.
You visited the Abyss 1 time.

You collected 184 gold pieces.

Inventory:

Hand Weapons
 a - a +1 hand axe (weapon)
 g - a +0 war axe
Armour
 h - a +0 chain mail (worn)
Jewellery
 i - a +6 ring of intelligence
Scrolls
 d - 4 scrolls of teleportation
Potions
 b - a potion of might
 c - a potion of mutation
 e - a potion of attraction {unknown}
 f - a potion of haste {unknown}
 j - a potion of magic {unknown}
 k - 2 potions of ambrosia {unknown}


   Skills:
 + Level 4.4 Fighting
 + Level 4.3 Axes
 + Level 3.5 Armour
 + Level 2.1 Dodging
 + Level 0.2 Stealth
 * Level 3.9 Invocations


You had 6 spell levels left.
You didn't know any spells.
Your spell library contained the following spells:

 Spells                   Type           Power      Damage    Failure   Level
 Conjure Flame            Conj/Fire      0%         6-21      100%        3
 Ignite Poison            Fire/Tmut/Pois 0%         N/A       100%        3
 Sticky Flame             Conj/Fire      0%         2d3       100%        4


Dungeon Overview and Level Annotations

Branches:
Dungeon (4/15)
 Temple: D:4-7

Altars:
Cheibriados
Hepliaklqana
Vehumet

Shops:
D:1 (   D:4 (


Innate Abilities, Weirdness & Mutations

You are immune to sickness and miasma.
Your stone body is resilient. (AC +4)
You are immune to poison.
You resist negative energy. (rN+)
You are resistant to electric shocks. (rElec)
You are resistant to unholy torment.
You are immune to petrification.
You have a pair of small horns on your head.
You possess an exceptional clarity of mind.


Message History

Lugonu accepts your kill.
You can now banish your foes.
You have reached level 7!
You hit the iguana. Your headbutt misses the iguana.
The iguana is lightly wounded.
The iguana barely misses you.
You hit the iguana.
The iguana is heavily wounded.
The iguana bites you but does no damage.
You hit the iguana but do no damage.
The iguana is heavily wounded.
The iguana bites you.
You hit the iguana. Your headbutt misses the iguana.
The iguana is almost dead.
The iguana bites you but does no damage.
You hit the iguana.
You kill the iguana!
Lugonu accepts your kill.
Items here: )) †††.
An ogre comes into view. It is wielding a +0 giant club.
The ogre shouts!
An ogre is nearby!
An ogre is nearby!
An ogre is nearby!
Found 14 stones.
The ogre hits you with a +0 giant club.
You slash the ogre!
The ogre is moderately wounded.
The ogre hits you with a +0 giant club!!
Ouch! That really hurt!
You barely miss the ogre. Your headbutt misses the ogre.
The ogre is moderately wounded.
You hit the ogre. You headbutt the ogre.
The ogre is heavily wounded.
The ogre hits you with a +0 giant club!
* * * LOW HITPOINT WARNING * * *
You hit the ogre.
You headbutt the ogre, but do no damage.
The ogre is severely wounded.
The ogre hits you with a +0 giant club!!
You die...

.####..........##
...# ##........##
..(# ##........#
...##..(......##
............## .
#............ .
...########.........#
. .#.#.#.#.##.O.....#
...........@....# #
##.......#......## ##
#.........#...### #.
##.......##..## ##.
#....>.......# ##..
##.......#..## ##...
#..........## ##....
###)#.#.#.#.# #.....
##....##....##
#######.


You could see an ogre.

Vanquished Creatures
  A black bear (D:4)
  A phantom (D:4)
  A jelly (D:4)
  A hound (D:3)
  A centaur skeleton (D:4)
  An orc priest (D:4)
  An iguana (D:4)
  A hound skeleton (D:4)
  4 adders
  2 worms (D:3)
  2 dart slugs
  An orc (D:3)
  4 ball pythons
  7 endoplasms
  5 giant cockroaches
  7 goblins
  10 hobgoblins
  10 jackals
  6 kobolds
  4 quokkas
  8 bats
  3 frilled lizards
  10 rats
91 creatures vanquished.

Notes
Turn   | Place    | Note
-------+----------+-------------------------------------------
     0 | Abyss:1  | Gargoyl the Gargoyle Abyssal Knight began the quest for the
                  | Orb.
     0 | Abyss:1  | Reached XP level 1. HP: 14/14 MP: 2/2
     0 | D:1      | Escaped the Abyss
   273 | D:1      | Found Kedes's Antique Weapon Shoppe.
   331 | D:1      | Reached XP level 2. HP: 19/19 MP: 3/3
   434 | D:1      | Reached * piety under Lugonu
   965 | D:2      | Reached XP level 3. HP: 24/24 MP: 4/4
   970 | D:2      | Reached skill level 1 in Dodging
  1329 | D:2      | Reached XP level 4. HP: 17/29 MP: 5/5
  1506 | D:2      | Reached ** piety under Lugonu
  1663 | D:2      | Found a faded altar of an unknown god.
  1944 | D:3      | Gained mutation: You possess an exceptional clarity of
                  | mind. [potion of mutation]
  1944 | D:3      | Gained mutation: You have a pair of small horns on your
                  | head. [potion of mutation]
  2001 | D:3      | Found a radiant altar of Vehumet.
  2103 | D:3      | Found a snail-covered altar of Cheibriados.
  2380 | D:3      | Reached XP level 5. HP: 33/33 MP: 6/6
  2516 | D:3      | Found a hazy altar of Hepliaklqana.
  3045 | D:4      | Reached XP level 6. HP: 34/38 MP: 8/8
  3372 | D:4      | Noticed a black bear
  3373 | D:4      | Found Oluana's Weapon Shop.
  3381 | D:4      | Killed a black bear
  3775 | D:4      | Reached *** piety under Lugonu
  3776 | D:4      | Reached XP level 7. HP: 43/44 MP: 9/9
  3817 | D:4      | Mangled by an ogre

Illustrated notes

Levels and vault maps discovered:
D:1:      sevenhm_arrival_forest_fort_small_3, layout_basic, serial_shops,
          nicolae_shop_advertising_works [nicolae_subvault_shop_adworks]
D:2:      layout_basic, hellmonk_ecumenical_altar_dog_temple, minmay_octomino_c4
D:3:      layout_basic, nicolae_overflow_crystal_walls,
          nicolae_vehumet_radiance, cheibrodos_worm_habitat
D:4:      layout_layer_cave, serial_shops, nicolae_shop_bloodbath_and_beyond,
          st_stairs_4

Skill      XL: |  1  2  3  4  5  6 |
---------------+-------------------+-----
Axes           | 2 3 4 |  4.3
Dodging        | 1 2 |  2.1
Fighting       | 4 |  4.4
Invocations    | 3 |  3.9
Armour         | 3 |  3.5
Stealth        | |  0.2

Action                   |  1- 3 |  4- 6 |  7- 9 || total
-------------------------+-------+-------+-------++-------
Melee: Hand axe          |    97 |   160 |     9 ||   266
       Headbutt          |       |    29 |     2 ||    31
       Punch             |       |     2 |       ||     2
Invok: Depart the Abyss  |     1 |       |       ||     1
  Use: Scroll            |     2 |     2 |       ||     4
       Potion            |       |     2 |       ||     2
Armor: Leather armour    |    24 |       |       ||    24
       Ring mail         |    29 |     1 |       ||    30
       Chain mail        |       |   141 |     2 ||   143
Dodge: Dodged            |    67 |    82 |     1 ||   150

Table legend: (Time is in decaauts)
 A = Elapsed time spent in this place.
 B = Non-inter-level travel time spent in this place.
 C = Inter-level travel time spent in this place.
 D = Time resting spent in this place.
 E = Time spent auto-exploring this place.
 F = Levels seen in this place.
 G = Mean time per level.
                   A        B        C        D        E       F      G
               +--------+--------+--------+--------+--------+-----+--------+
         Total |   3869 |   3784 |     85 |      0 |   3002 |   5 |  773.8 |
       Dungeon |   3869 |   3784 |     85 |      0 |   3002 |   4 |  967.2 |
         Abyss |      0 |      0 |      0 |      0 |      0 |   1 |    0.0 |
               +--------+--------+--------+--------+--------+-----+--------+

Top non-repeatable levels by time:
     D:2: 1070 daAuts
     D:3: 1013 daAuts
     D:4: 895 daAuts
     D:1: 889 daAuts
